 Dungeon Crawl Stone Soup version 0.16.1 (webtiles) character file.

32 Helmschank the Digger (level 3, -2/21 HPs)
             Began as a Gargoyle Earth Elementalist on Mar 23, 2015.
             Slain by a gnoll (3 damage)
             ... on level 1 of the Dungeon.
             The game lasted 00:11:25 (1485 turns).

Helmschank the Digger (Gargoyle Earth Elementalist) Turns: 1485, Time: 00:11:25

Health: -2/21      AC:  7    Str: 11    XL:     3   Next: 27%
Magic:  3/6        EV: 12    Int: 16    God:
Gold:   50         SH:  0    Dex: 10    Spells: 2 memorised, 3 levels left

rFire  . . .     SeeInvis .     q - 100 stones
rCold  . . .     Clarity  .     c - +0 robe
rNeg   + . .     SustAb   .     (no shield)
rPois  ∞         Gourm    .     (no helmet)
rElec  +         Spirit   .     (no cloak)
rCorr  .         Warding  .     (no gloves)
rMut   .         Stasis   .     (no boots)
MR     .....                    (no amulet)
Stlth  ++........               (no ring)
                                (no ring)

@: stone skin, not resistant to hostile enchantments, unstealthy
A: negative energy resistance 1, electricity resistance, unbreathing,
petrification resistance, rot immunity, AC +3
a: no special abilities


You were on level 1 of the Dungeon.
You were hungry.

You visited 1 branch of the dungeon, and saw 2 of its levels.

You collected 50 gold pieces.

Inventory:

Hand weapons
 w - a +0 club
Missiles
 q - 100 stones (in hand)
Armour
 c - a +0 robe (worn)
Jewellery
 b - an uncursed ring of stealth {unknown}
 f - a cursed ring of loudness {unknown}
Scrolls
 e - 2 scrolls of random uselessness
 g - a scroll of teleportation {unknown}
 j - a scroll of enchant armour {unknown}
 k - a scroll of noise {unknown}
Books
 d - a book of Geomancy

   Spells                             Type                      Level
   a - Sandblast                      Earth                        1
   b - Stoneskin                      Transmutation/Earth          2
   c - Passwall                       Transmutation/Earth          3
   d - Stone Arrow                    Conjuration/Earth            3
   e - Petrify                        Transmutation/Earth          4
   f - Lee's Rapid Deconstruction     Earth                        5
Comestibles
 a - 2 bread rations
 h - a chunk of flesh
 i - a meat ration


   Skills:
 - Level 2.1 Fighting
 * Level 1.7 Maces & Flails
 - Level 1.5 Dodging
 - Level 2.1 Stealth
 - Level 2.0 Spellcasting
 - Level 0.7 Transmutations
 - Level 3.6 Earth Magic


You had 3 spell levels left.
You knew the following spells:

 Your Spells              Type           Power        Failure   Level  Hunger
z - Sandblast             Erth           ##....       6%          1    #......
Q - Stoneskin             Trmt/Erth      #.......     14%         2    ###....


Dungeon Overview and Level Annotations

Branches:
Dungeon (2/15)

Altars:


Innate Abilities, Weirdness & Mutations

You are resistant to torment.
You are immune to poison.
Your stone body is very resilient (AC +3).
You resist negative energy.
You are resistant to electric shocks.
You can survive without breathing.
You are immune to petrification.
You are immune to rotting.


Message History

The goblin hits you but does no damage.
There is a stone staircase leading up here.
The gnoll barely misses you. The gnoll hits you.
* * * LOW HITPOINT WARNING * * *
The goblin hits you but does no damage.
You climb upwards.
There is a stone staircase leading down here.
Casting: Sandblast
Confirm with . or Enter, or press ? or * to list all spells.
Your skin hardens.
You are feeling hungry.
The gnoll hits you but does no damage. The gnoll hits you.
* * * LOW HITPOINT WARNING * * *
You aren't carrying any potions.
Unknown command.
Read which item? (? for menu, Esc to quit)
As you read the scroll labeled QORGHU TAZOUHOUMA, it crumbles to dust.
Your ears itch!
It was a scroll of random uselessness.
The goblin closely misses you. The gnoll hits you.
You die...

.........# ### .##.##.#.#
.......#.###.#
###.##....^..#
....##.#.##### #########
###....).# #.......#
.##.##.### #.#####.#
.......#
############.#.).#.####
##.#.###
#....g@g.......#.......
..###.#
#.#####g.###.#...#.####
##.#.## #........#
#.#####.# # #...#
#.##.....# #.......####
#...# #.##.##.##
########.... #)..####
#.##.##.# #.###
#..>##.###.......# #######
#.# ##...#.#........#.#
#.....# #.#
......###.........###.....#
#.#


You could see 2 gnolls and a goblin.

Vanquished Creatures
  A giant gecko (D:1)
  2 ball pythons
  7 bats (D:1)
  6 goblins (D:1)
  4 hobgoblins (D:1)
  2 jackals (D:1)
  A giant newt (D:1)
  3 kobolds (D:1)
  3 rats (D:1)
29 creatures vanquished.

Notes
Turn   | Place    | Note
--------------------------------------------------------------
     0 | D:1      | Helmschank, the Gargoyle Earth Elementalist, began the quest for the Orb.
     0 | D:1      | Reached XP level 1. HP: 10/10 MP: 3/3
   142 | D:1      | Reached skill level 1 in Fighting
   256 | D:1      | Reached XP level 2. HP: 17/17 MP: 2/4
   473 | D:1      | Learned a level 2 spell: Stoneskin
   747 | D:1      | Reached skill level 1 in Maces & Flails
  1012 | D:1      | Reached XP level 3. HP: 13/21 MP: 0/6
  1484 | D:1      | HP: 1/21 [gnoll (2)]
  1485 | D:1      | Slain by a gnoll

Action                   || total
-------------------------++-------
Melee: Dagger            ||    14
       Club              ||    63
       Unarmed           ||     1
Throw: Stone             ||     4
 Cast: Sandblast         ||    32
       Stoneskin         ||     1
  Use: Scroll            ||     1
  Eat: Chunk             ||     2
